 Dungeon Crawl Stone Soup version 0.31-a0-236-g9a0961fb85 (webtiles) character file.

Game seed: 8247793639160260022

163 qw the Shooter (level 5, -2/30 HPs)
             Began as a Gargoyle Hexslinger on July 10, 2023.
             Slain by an iguana (8 damage)
             ... on level 4 of the Dungeon.
             The game lasted 00:01:06 (2821 turns).

qw the Shooter (Gargoyle Hexslinger)                Turns: 2821, Time: 00:01:06

Health: -2/30      AC: 11    Str: 11    XL:     5   Next: 44%
Magic:  6/6        EV: 10    Int: 14    God:
Gold:   158        SH:  0    Dex: 14    Spells: 5/6 levels left

rFire   . . .        Y - +2 sling
rCold   . . .        (no shield)
rNeg    + . .        k - +0 ring mail
rPois   inf          g - +0 helmet
rElec   +            c - +0 cloak
rCorr   .            (no gloves)
SInv    .            (no boots)
Will    .....        (no amulet)
Stlth   +            (no ring)
HPRegen 0.25/turn    (no ring)
MPRegen 0.10/turn

%: no passive effects
@: no status effects
A: sickness immunity, AC +4, negative energy resistance 1, electricity
resistance, torment resistance 1, petrification resistance
a: no special abilities


You were on level 4 of the Dungeon.
You visited 1 branch of the dungeon, and saw 4 of its levels.

You collected 254 gold pieces.
You spent 96 gold pieces at shops.


Innate Abilities, Weirdness & Mutations

You are immune to sickness and miasma.
Your stone body is resilient. (AC +4)
You are immune to poison.
You resist negative energy. (rN+)
You are resistant to electric shocks. (rElec)
You are resistant to unholy torment.
You are immune to petrification.


   Skills:
 + Level 2.0 Fighting
 - Level 5.0 Ranged Weapons
 - Level 1.0 Armour
 - Level 1.5 Dodging
 - Level 1.0 Spellcasting
 - Level 2.6 Hexes


You had 5 spell levels left.
You knew the following spells:

 Your Spells              Type           Power      Damage    Failure   Level
a - Slow                  Hex            32%        N/A       21%         1

Your spell library contained the following spells:

 Spells                   Type           Power      Damage    Failure   Level
 Inner Flame              Hex/Fire       4%         N/A       71%         3
 Portal Projectile        Hex/Tloc       8%         N/A       71%         3
 Cause Fear               Hex            4%         N/A       90%         4

Inventory:

Hand Weapons
 Y - a +2 sling (weapon)
Armour
 c - a +0 cloak (worn)
 g - a +0 helmet (worn)
 k - a +0 ring mail (worn)
Scrolls
 b - a scroll of identify
 e - 3 scrolls of teleportation
Potions
 a - a potion of cancellation
 d - 3 potions of curing
 f - a potion of invisibility {unknown}
 h - a potion of resistance {unknown}
 i - a potion of enlightenment
 j - 2 potions of haste
 l - 2 potions of heal wounds

Dungeon Overview and Level Annotations

Branches:
Dungeon (4/15)
 Temple: D:4-7

Altars:
Uskayaw
Xom

Shops:
D:3 (!(


Message History

You shoot a sling bullet. The sling bullet hits the phantom.
The phantom is moderately damaged.
The phantom hits you.
You shoot a sling bullet.
The sling bullet barely misses the phantom.
The phantom hits you but does no damage.
You shoot a sling bullet. The sling bullet hits the phantom.
The phantom is heavily damaged.
The phantom hits you.
You shoot a sling bullet.
The sling bullet closely misses the phantom.
The phantom hits you but does no damage.
The phantom misses you.
You shoot a sling bullet. The sling bullet misses the phantom.
The phantom hits you.
The phantom blinks!
You blink.
A sky beast comes into view.
The sky beast moves out of view.
Enter note:
Enter note: You shoot a sling bullet.
The sling bullet closely misses the phantom.
The phantom hits you but does no damage.
You shoot a sling bullet.
The sling bullet completely misses the phantom.
The phantom hits you but does no damage.
The phantom hits you.
The phantom blinks!
You blink.
An iguana comes into view.
Enter note:
Enter note: You shoot a sling bullet.
The sling bullet barely misses the phantom.
The iguana hisses angrily.
The phantom hits you.
You shoot a sling bullet.
The sling bullet closely misses the phantom.
The phantom hits you but does no damage.
You shoot a sling bullet. The sling bullet hits the phantom.
The phantom is severely damaged.
The iguana bites you. The phantom completely misses you. The iguana bites you!
You die...

.Y# # ..# ..## #
####.# .~.. ....# ..~
###..# #.. . #....#
.. .#.##.##.
.......l# .... ...#@#
#######...
######W#####...#....#
...........'...+....+
############...#....#
#...#....# .
#...#....##.
#........#..
#.##........
#.####...###


You could see a phantom and an iguana.

Vanquished Creatures
  A hound (D:4)
  An iguana (D:4)
  Robin (D:3)
  2 adders
  An ufetubus (D:4)
  A worm (D:3)
  2 dart slugs
  An orc (D:3)
  9 bats
  2 endoplasms
  2 giant cockroaches
  10 hobgoblins
  2 quokkas
  4 ball pythons
  6 frilled lizards
  13 goblins
  7 kobolds
  5 rats
70 creatures vanquished.

Notes
Turn   | Place    | Note
-------+----------+-------------------------------------------
     0 | D:1      | qw the Gargoyle Hexslinger began the quest for the Orb.
     0 | D:1      | Reached XP level 1. HP: 12/12 MP: 2/2
     0 | D:1      | 0 ||| qw: Version: 0.3-a-52-g30416fa
     0 | D:1      | 0 ||| qw: Game counter: 4524
     0 | D:1      | 0 ||| qw: Melee chars always use a shield: true
     0 | D:1      | 0 ||| qw: God list: Okawaru
     0 | D:1      | 0 ||| qw: Allow faded altars: false
     0 | D:1      | 0 ||| qw: Do Orc after clearing Dungeon:15 true
     0 | D:1      | 0 ||| qw: Do second Lair branch before Depths: true
     0 | D:1      | 0 ||| qw: Lair rune preference: random
     0 | D:1      | 0 ||| qw: Goals: Normal
     0 | D:1      | 0 ||| PLANNING D:1-11
   138 | D:1      | Reached XP level 2. HP: 13/16 MP: 3/3
   280 | D:1      | Reached skill level 3 in Ranged Weapons
   755 | D:1      | Reached XP level 3. HP: 21/21 MP: 4/4
   958 | D:1      | 958 ||| DROPPING amulet of magic regeneration.
   959 | D:1      | 959 ||| READING scroll labelled IGOAZI FUADEXAPIMU.
  1060 | D:1      | 1060 ||| READING scroll labelled CIUM OWNYAREO.
  1064 | D:1      | 1064 ||| READING scroll labelled CACKIQ WUENAOKH.
  1065 | D:1      | 1065 ||| DRINKING 2 dark potions.
  1066 | D:1      | 1066 ||| DROPPING scroll of poison.
  1774 | D:2      | 1774 ||| UPGRADING to +0 leather armour.
  1784 | D:2      | 1784 ||| DROPPING +0 robe.
  1785 | D:2      | 1785 ||| UPGRADING to +0 ring mail.
  1795 | D:2      | 1795 ||| DROPPING +0 leather armour.
  1796 | D:2      | 1796 ||| DROPPING ring of wizardry.
  1797 | D:2      | 1797 ||| READING scroll labelled IWURRIORYR.
  1798 | D:2      | 1798 ||| READING 2 scrolls labelled ITZUAL GUJY.
  1826 | D:3      | Found Mast's Distillery.
  1835 | D:3      | 1835 ||| BUYING potion of curing (36 gold).
  1835 | D:3      | Bought a potion of curing for 36 gold pieces
  1835 | D:3      | 1835 ||| BUYING potion of heal wounds (60 gold).
  1835 | D:3      | Bought a potion of heal wounds for 60 gold pieces
  1835 | D:3      | 1835 ||| SHOPLISTING potion of heal wounds (60 gold, have
                  | 50).
  1872 | D:3      | Found Luz Zissu's Weapon Shop.
  1878 | D:3      | 1878 ||| SHOPLISTING +0 sling of flaming (61 gold, have
                  | 55).
  2034 | D:3      | Found a shimmering altar of Xom.
  2053 | D:3      | Reached XP level 4. HP: 26/26 MP: 5/5
  2053 | D:3      | Noticed Robin
  2059 | D:3      | Killed Robin
  2060 | D:3      | Reached skill level 4 in Ranged Weapons
  2141 | D:3      | Reached skill level 1 in Armour
  2200 | D:3      | Found Vorch's Weapon Shop.
  2481 | D:3      | 2481 ||| UPGRADING to +0 cloak.
  2486 | D:3      | 2486 ||| UPGRADING to +0 helmet.
  2491 | D:3      | 2491 ||| DRINKING 2 blue potions.
  2492 | D:3      | 2492 ||| READING 2 scrolls of identify.
  2492 | D:3      | 2492 ||| IDENTIFYING puce potion
  2538 | D:4      | Found a hide-covered altar of Uskayaw.
  2774 | D:4      | Reached XP level 5. HP: 30/30 MP: 6/6
  2807 | D:4      | Noticed a phantom
  2808 | D:4      | Reached skill level 5 in Ranged Weapons
  2816 | D:4      | Noticed a sky beast
  2821 | D:4      | HP: 6/30 [iguana (4)]
  2821 | D:4      | Slain by an iguana

Levels and vault maps discovered:
D:1:      sevenhm_arrival_forest_fort_small_4, layout_basic,
          kennysheep_crisscross
D:2:      layout_loops_ring, minmay_bisected
D:3:      layout_loops_ring, xom_butterflies, serial_shops,
          nicolae_shop_hallway_stairs, nicolae_shop_waterfront,
          nicolae_shop_rolling_square, uniq_robin
D:4:      layout_basic, old_standard_altar, serial_rivers,
          chequers_serial_rivers_micro_c, chequers_serial_rivers_large_b,
          chequers_serial_rivers_small_a, chequers_serial_rivers_micro_c,
          chequers_serial_rivers_micro_d, chequers_serial_rivers_micro_c

Skill      XL: |  1  2  3  4  5 |
---------------+----------------+-----
Ranged Weapons | 3 4 5 |  5.0
Fighting       | 2 |  2.0
Armour         | 1 |  1.0
Dodging        | |  1.5
Spellcasting   | |  1.0
Hexes          | |  2.6

Action                     |  1- 3 |  4- 6 || total
---------------------------+-------+-------++-------
   Fire: Sling             |   173 |    97 ||   270
    Use: Scroll            |     5 |     1 ||     6
         Potion            |     1 |     1 ||     2
 Armour: Robe              |    45 |       ||    45
         Ring mail         |     1 |    26 ||    27
  Dodge: Dodged            |    79 |    37 ||   116

Table legend:
 A = Non-vault XP
 B = Vault XP
 C = Vault XP percentage of total XP
 D = Non-vault monster count
 E = Vault monster count
 F = Vault count percentage of total count
                 A         B        C        D         E       F
            +---------+---------+-------+---------+---------+-------
      Total |     183 |      50 |  21.5 |      55 |      15 |  21.4
            +---------+---------+-------+---------+---------+-------
        D:1 |      38 |       0 |   0.0 |      24 |       0 |   0.0
        D:2 |      11 |      17 |  60.7 |       7 |       4 |  36.4
        D:3 |      41 |      33 |  44.6 |      16 |      11 |  40.7
        D:4 |      93 |       0 |   0.0 |       8 |       0 |   0.0
            +---------+---------+-------+---------+---------+-------
